AoeStats
← 散步黑鵝

Oasis

510064158Analyzed
4v4 RM · 3d ago on Sep 29, 2026· 29m 43s· 8 players
Game mode
Random Map
Map size
Large (8 player)
Population
200
Speed
Normal
Resources
Standard
Victory
Conquest
Starting age
Dark Age
Ending age
Imperial Age
RankedLock teamsTeams togetherTeam positionsShared explorationLock speedFull tech treeHidden civsTurbo modeCheats
Victory
Defeat
🇨🇳 Ethiopians · China
1798
+23
🇨🇳 Georgians · China
1714
+26
🇨🇳 Varangians · China
1709
+26
🇩🇪 Tupi · Germany
1654
+26
🇹🇼 Persians · Taiwan
2078
-29
🇹🇼 Britons · Taiwan
2061
-29
🇹🇼 Georgians · Taiwan
2011
-28
🇹🇼 Maya · Taiwan
1659
-15
154985415164
5:22 Loom
8:21 Feudal Age
8:58 Double-Bit Axe
12:05 Fletching
21:45 Castle Age
20:14 Padded Archer Armor
20:13 Horse Collar
21:48 Crossbowman
22:24 Bodkin Arrow
24:01 Ballistics
25:06 Wheelbarrow
24:50 Town Watch
27:09 Bow Saw
LM \ Molle
5:45 Loom
8:25 Feudal Age
10:39 Double-Bit Axe
17:46 Castle Age
16:28 Horse Collar
16:39 Stone Mining
18:41 Bow Saw
18:34 Heavy Plow
19:16 Fletching
21:42 Town Watch
25:29 Wheelbarrow
25:12 Bodkin Arrow
Emperor_Napoleon
8:04 Feudal Age
7:01 Loom
10:22 Double-Bit Axe
13:46 Scale Barding Armor
18:35 Bloodlines
24:38 Castle Age
23:38 Gold Mining
25:05 Forging
24:40 Light Cavalry
25:42 Chain Barding Armor
26:41 Bow Saw
27:49 Wheelbarrow
28:01 Husbandry
爱睡觉的鳄鱼
9:15 Feudal Age
10:05 Double-Bit Axe
10:02 Horse Collar
15:34 Castle Age
16:36 Bow Saw
16:27 Heavy Plow
20:48 Wheelbarrow
23:39 Hand Cart
23:55 Gold Mining
24:19 Stone Mining
29:35 Imperial Age
28:08 Scale Mail Armor
28:31 Squires
28:17 Arson
29:17 Forging
29:22 Chain Mail Armor
30:47 Iron Casting
29:38 Capped Ram
30:53 Plate Mail Armor
ANKR.Navvy
8:03 Feudal Age
9:10 Double-Bit Axe
10:37 Horse Collar
14:22 Loom
16:09 Scale Barding Armor
17:20 Bloodlines
17:41 Bloodlines
25:16 Castle Age
25:45 Forging
25:23 Light Cavalry
26:04 Husbandry
26:33 Chain Barding Armor
重炮手雷龍
0:26 Loom
8:45 Feudal Age
13:20 Fletching
18:17 Padded Archer Armor
25:25 Castle Age
24:46 Double-Bit Axe
26:04 Bodkin Arrow
27:11 Crossbowman
Rayz
8:46 Feudal Age
9:22 Double-Bit Axe
10:02 Horse Collar
14:06 Wheelbarrow
18:02 Castle Age
18:51 Bow Saw
20:29 Heavy Plow
21:56 Hand Cart
24:49 Gold Mining
24:50 Stone Mining
26:38 Scale Barding Armor
26:30 Loom
26:58 Bloodlines
27:38 Chain Barding Armor
27:42 Husbandry
散步黑鵝
6:04 Loom
9:09 Feudal Age
10:24 Double-Bit Axe
15:14 Wheelbarrow
18:30 Castle Age
16:56 Horse Collar
18:07 Fletching
20:08 Bow Saw
24:42 Bodkin Arrow
Connection lost

Rejoining the realm…

Still unreachable

The connection could not be restored.

Session expired

The server has moved on; the page needs a fresh start.